AoeStats
← °49¬K<»Šhãdöw

Nomad

506187015Analyzed
3v3 RM · 2mo ago on Sep 12, 2026· 57m 39s· 6 players
Game mode
Random Map
Map size
210×210
Population
200
Speed
Normal
Resources
Standard
Victory
Conquest
Starting age
Dark Age
Ending age
Imperial Age
RankedLock teamsTeams togetherTeam positionsShared explorationLock speedFull tech treeHidden civsTurbo modeCheats
Victory
Defeat
🇫🇷 Huns · France
1175
+15
🇿🇦 Vietnamese · South Africa
1164
+15
🇻🇳 Franks · Vietnam
1092
+18
vs
🇫🇮 Bulgarians · Finland
1168
-17
🇦🇹 Maya · Austria
1142
-16
🇫🇷 Turks · France
1123
-15
Skunq aka toxic
16:12 Feudal Age
22:12 Castle Age
26:48 Wheelbarrow
29:24 Ballistics
29:23 Fletching
30:17 Loom
31:35 Horse Collar
33:37 Padded Archer Armor
33:35 Bodkin Arrow
36:31 Hand Cart
40:03 Imperial Age
37:59 Gold Mining
39:22 Scale Barding Armor
42:23 Heavy Camel Rider
43:15 Bloodlines
43:06 Husbandry
43:18 Heavy Plow
44:21 Conscription
44:40 Bombard Tower
47:07 Sipahi
47:50 Bracer
49:40 Murder Holes
49:48 Artillery
54:03 Hoardings
✚ Quentin [BOT]
7:47 Loom
14:14 Feudal Age
19:17 Castle Age
17:35 Scale Mail Armor
17:46 Forging
17:35 Gold Mining
17:35 Stone Mining
17:35 Double-Bit Axe
17:46 Horse Collar
18:42 Stone Mining
19:50 Eagle Warrior
28:31 Squires
29:39 Chain Mail Armor
30:00 Iron Casting
32:36 Imperial Age
30:44 Wheelbarrow
29:55 Town Watch
31:40 Fletching
34:22 Elite Eagle Warrior
36:02 Plate Mail Armor
36:37 Blast Furnace
41:18 Arson
42:30 Holcans
42:26 Conscription
52:14 Hand Cart
54:00 Pikeman
WANNABE VILLEPEKKA
6:03 Loom
14:58 Feudal Age
19:25 Castle Age
20:09 Horse Collar
20:16 Double-Bit Axe
21:39 Scale Mail Armor
21:49 Forging
33:33 Scale Barding Armor
37:06 Wheelbarrow
37:16 Town Watch
43:19 Hand Cart
46:18 Imperial Age
45:35 Chain Barding Armor
45:50 Iron Casting
47:53 Plate Barding Armor
48:27 Blast Furnace
49:16 Elite Konnik
52:08 Stirrups
52:34 Conscription
52:46 Bloodlines
52:36 Husbandry
53:58 Chain Mail Armor
54:10 Bagains
55:12 Plate Mail Armor
Zigoto85
5:38 Loom
12:44 Feudal Age
13:21 Double-Bit Axe
15:58 Gold Mining
19:12 Castle Age
17:01 Horse Collar
17:48 Scale Barding Armor
18:38 Wheelbarrow
18:22 Stone Mining
18:59 Bloodlines
19:51 Wheelbarrow
20:39 Forging
23:14 Heavy Plow
27:15 Hand Cart
27:15 Hand Cart
29:49 Bow Saw
29:57 Marauders
30:55 Iron Casting
30:24 Husbandry
36:18 Imperial Age
34:40 Chain Barding Armor
35:35 Fletching
35:51 Light Cavalry
36:52 Bodkin Arrow
36:22 Cavalier
38:09 Town Watch
39:18 Plate Barding Armor
40:41 Two-Man Saw
41:13 Blast Furnace
40:39 Town Patrol
43:30 Elite Tarkan
44:31 Conscription
46:52 Bracer
°49¬K<»Šhãdöw
4:58 Loom
14:19 Feudal Age
18:04 Double-Bit Axe
20:33 Castle Age
18:59 Stone Mining
23:27 Wheelbarrow
26:48 Town Watch
28:14 Hand Cart
30:11 Fletching
30:56 Town Patrol
31:11 Bow Saw
35:12 Imperial Age
33:15 Husbandry
33:22 Scale Barding Armor
33:27 Forging
35:52 Chain Barding Armor
36:08 Iron Casting
37:25 #83
37:38 Elite Skirmisher
37:54 Cavalier
39:36 Blast Furnace
39:35 Plate Barding Armor
43:11 Chemistry
41:51 Paladin
44:20 Bodkin Arrow
44:25 Padded Archer Armor
47:39 Imperial Skirmisher
49:00 Elite Throwing Axeman
50:20 Chivalry
53:34 Ballistics
Sid the sloth
5:33 Loom
13:42 Feudal Age
19:27 Castle Age
20:15 Fletching
21:53 Bodkin Arrow
30:56 Ballistics
36:23 Padded Archer Armor
39:31 Imperial Age
39:55 Chatras
40:52 Scale Barding Armor
40:59 Forging
40:46 Double-Bit Axe
41:50 Bloodlines
41:55 Bracer
42:29 Forging
43:01 Bow Saw
45:38 Chain Barding Armor
47:17 Plate Barding Armor
47:32 Husbandry
49:29 Elite Battle Elephant
52:26 Iron Casting
52:15 Light Cavalry
57:54 Wheelbarrow
Connection lost

Rejoining the realm…

Still unreachable

The connection could not be restored.

Session expired

The server has moved on; the page needs a fresh start.